 Dungeon Sprint DCSS version 0.23.2-30-g0e89c35649 (webtiles) character file.

Game seed: 5397059483203502877

1911 Kobolds4U the Carver (level 8, -23/86 HPs)
             Began as a Minotaur Berserker on June 12, 2019.
             Was a Priest of Trog.
             Annihilated by Sonja
             ... wielding a +0 dagger of distortion
              (24 damage)
             ... in the Dungeon (Sprint I: "Red Sonja").
             The game lasted 00:03:48 (996 turns).

Kobolds4U the Carver (Minotaur Berserker)            Turns: 996, Time: 00:03:49

Health: -23/86     AC: 15    Str: 21    XL:     8   Next: 95%
Magic:  7/7        EV: 10    Int:  4    God:    Trog [***...]
Gold:   398        SH:  0    Dex: 13    Spells: 7/7 levels left

rFire    . . .     SeeInvis .   a - +0 falchion
rCold    . . .     Gourm    .   (no shield)
rNeg     . . .     Faith    .   b - +0 plate armour
rPois    .         Spirit   .   (helmet restricted)
rElec    .         Reflect  .   (no cloak)
rCorr    .         Harm     .   (no gloves)
MR       .....     NoTele   +   (no boots)
Stlth    ..........             (no amulet)
HPRegen  0.24/turn              (no ring)
MPRegen  0.10/turn              (no ring)

@: berserk cooldown, hasted and slowed
A: retaliatory headbutt, horns 2
a: Berserk, Trog's Hand, Renounce Religion


You were in the Dungeon.
You worshipped Trog.
Trog was most pleased with you.
You were near starving.

You visited 1 branch You collected 418 gold pieces.
You spent 20 gold pieces at shops.

Inventory:

Hand Weapons
 a - a +0 falchion (weapon)
Armour
 b - a +0 plate armour (worn)
Scrolls
 i - a scroll of blinking
 k - a scroll of remove curse
Potions
 g - 2 potions of magic
 h - a potion of berserk rage
Comestibles
 c - a ration
 j - 2 chunks of flesh


   Skills:
 + Level 13.3 Fighting
 - Level 14.0 Long Blades
 - Level 11.7 Armour
 * Level 7.8 Dodging


You had 7 spell levels left.
You didn't know any spells.
Your spell library was empty.

Dungeon Overview and Level Annotations

Branches:
Dungeon (1/1)

Altars:
Cheibriados
Dithmenos
Elyvilon
Fedhas
Gozag
Hepliaklqana
Kikubaaqudgha
Makhleb
Nemelex Xobeh
Okawaru
Qazlal
Ru
Sif Muna
Trog
Uskayaw
Vehumet
Wu Jian
Xom
Yredelemnul
Zin
The Shining One
Jiyva
Lugonu

Shops:
D *

Annotations:
D Sonja


Innate Abilities, Weirdness & Mutations

You reflexively headbutt those who attack you in melee.
You have a pair of horns on your head.


Message History

You feel sick.
You feel better.
You miss Sonja.
Sonja is severely wounded.
Sonja hits you but does no damage.
You feel a strange sense of stasis. Sonja closely misses you.
Sonja completely misses you.
You miss Sonja.
Sonja is heavily wounded.
You completely miss Sonja.
Sonja is heavily wounded.
Sonja closely misses you. Sonja misses you. Sonja hits you but does no damage.
Space warps horribly around you!
* * * LOW HITPOINT WARNING * * *
You closely miss Sonja.
Sonja is heavily wounded.
Sonja barely misses you.
Sonja hits you with a +0 dagger of distortion.
* * * LOW HITPOINT WARNING * * *
Space warps horribly around you!!
You die...

#########################
#<.#..)..#..'..#__#..')).
#..'[.#..').#.('^.'..#...
#..#####'#####'#__####...
#..####..#...#)####§!####
#..#__####..##.#§≈≈§§#
#..#_____##'#_.'§§≈.§+
#⌠⌠#_.∩K@.((.._#≈§≈§§#
####_..__##_.#'##+####
#_____###'#.# #######
#.### ..$ ..$# ##.## #+#


You could see Sonja.

Vanquished Creatures
  A centaur warrior (D)
  2 kobold demonologists (D)
  A slime creature (D)
  Sigmund (D)
  A yak (D)
  A floating eye (D)
  An ogre (D)
  A jelly (D)
  Ijyb (D)
10 creatures vanquished.

Vanquished Creatures (others)
  A gargoyle (D)
1 creature vanquished.

Grand Total: 11 creatures vanquished

Notes
Turn   | Place    | Note
-------+----------+-------------------------------------------
     0 | D        | Kobolds4U the Minotaur Berserker began the quest for the
                  | Orb.
     0 | D        | Reached XP level 1. HP: 19/19 MP: 0/0
     1 | D        | Noticed Ijyb
     8 | D        | Killed Ijyb
     8 | D        | Reached skill level 5 in Fighting
     8 | D        | Reached skill level 6 in Long Blades
     8 | D        | Reached XP level 2. HP: 14/29 MP: 1/1
   169 | D        | Noticed an ogre
   175 | D        | Killed an ogre
   175 | D        | Reached skill level 9 in Long Blades
   175 | D        | Reached XP level 3. HP: 39/39 MP: 2/2
   175 | D        | Reached XP level 4. HP: 47/47 MP: 3/3
   225 | D        | Noticed Sigmund
   231 | D        | Killed Sigmund
   231 | D        | Reached ** piety under Trog
   231 | D        | Reached skill level 12 in Long Blades
   231 | D        | Reached XP level 5. HP: 30/57 MP: 4/4
   371 | D        | Found an ornate altar of the Wu Jian Council.
   371 | D        | Found a deep blue altar of Sif Muna.
   373 | D        | Found a radiant altar of Vehumet.
   378 | D        | Reached XP level 6. HP: 36/64 MP: 5/5
   529 | D        | Found Qinletust's General Store.
   529 | D        | Found an ancient bone altar of Kikubaaqudgha.
   529 | D        | Found a hazy altar of Hepliaklqana.
   529 | D        | Found a stormy altar of Qazlal.
   529 | D        | Found a hide-covered altar of Uskayaw.
   529 | D        | Found a blossoming altar of Fedhas.
   529 | D        | Found a bloodstained altar of Trog.
   529 | D        | Found an iron altar of Okawaru.
   529 | D        | Found a basalt altar of Yredelemnul.
   529 | D        | Found a glowing golden altar of the Shining One.
   529 | D        | Found a snail-covered altar of Cheibriados.
   529 | D        | Found a sacrificial altar of Ru.
   529 | D        | Found a glowing silver altar of Zin.
   529 | D        | Found a shadowy altar of Dithmenos.
   529 | D        | Found a white marble altar of Elyvilon.
   529 | D        | Noticed a yak
   543 | D        | Killed a yak
   543 | D        | Reached skill level 10 in Fighting
   543 | D        | Reached skill level 13 in Long Blades
   544 | D        | Found an opulent altar of Gozag.
   547 | D        | Found a sparkling altar of Nemelex Xobeh.
   647 | D        | Bought a scroll of identify for 20 gold pieces
   658 | D        | Found a viscous altar of Jiyva.
   658 | D        | Found a corrupted altar of Lugonu.
   658 | D        | Noticed a slime creature
   671 | D        | Killed a slime creature
   671 | D        | Reached *** piety under Trog
   671 | D        | Reached XP level 7. HP: 62/73 MP: 6/6
   672 | D        | Found a burning altar of Makhleb.
   672 | D        | Found a shimmering altar of Xom.
   729 | D        | Noticed a kobold demonologist
   730 | D        | Noticed an orange demon
   730 | D        | Noticed a kobold demonologist
   731 | D        | Noticed a chaos spawn
   736 | D        | Noticed a rust devil
   740 | D        | Killed a kobold demonologist
   740 | D        | Reached skill level 14 in Long Blades
   740 | D        | Reached skill level 10 in Armour
   746 | D        | Noticed a smoke demon
   752 | D        | Killed a kobold demonologist
   752 | D        | Reached **** piety under Trog
   752 | D        | Reached XP level 8. HP: 83/83 MP: 7/7
   816 | D        | Killed a gargoyle
   837 | D        | Noticed a centaur warrior
   844 | D        | Noticed a centaur warrior
   872 | D        | Killed a centaur warrior
   959 | D        | Noticed Sonja
   990 | D        | HP: 4/86 [poisoned by Sonja (curare-tipped needle)]
   995 | D        | HP: 3/86 [Sonja/+0 dagger of distortion (11)]
   996 | D        | HP: 1/86 [Sonja/+0 dagger of distortion (2)]
   996 | D        | Annihilated by Sonja

Skill      XL: |  1  2  3  4  5  6  7  8 |
---------------+-------------------------+-----
Fighting       | 5 7 9 10 12 13 | 13.3
Long Blades    | 6 9 12 13 14 | 14.0
Armour         | 8 11 | 11.7
Dodging        | 7 |  7.8

Action                   |  1- 3 |  4- 6 |  7- 9 || total
-------------------------+-------+-------+-------++-------
Melee: Falchion          |    11 |    35 |    45 ||    91
       Headbutt          |     2 |    12 |    11 ||    25
Invok: Berserk           |     1 |       |     2 ||     3
       Trog's Hand       |       |       |     1 ||     1
       Brothers in Arms  |       |       |     1 ||     1
  Use: Scroll            |       |     1 |       ||     1
       Potion            |       |       |     3 ||     3
  Eat: Chunk             |       |       |     2 ||     2
Armor: Plate armour      |       |     8 |    25 ||    33
Dodge: Dodged            |     2 |     4 |    27 ||    33
       Rpst.: Falchion   |       |     1 |     3 ||     4
